 Dungeon Crawl Stone Soup version 0.29.1-15-g9cfb28693d (webtiles) character file.

Game seed: 13063413518149791131

1070 HOAXBANE2 the Sneak (level 8, -2/56 HPs)
             Began as a Human Artificer on Mar 11, 2023.
             Was a Follower of Nemelex Xobeh.
             Killed by divine providence
             ... invoked by an orc priest
              (12 damage)
             ... on level 5 of the Dungeon.
             The game lasted 00:57:43 (8342 turns).

HOAXBANE2 the Sneak (Human Artificer)               Turns: 8342, Time: 00:57:44

Health: -2/56      AC:  6    Str: 13    XL:     8   Next: 53%
Magic:  12/14      EV: 13    Int:  8    God:    Nemelex Xobeh [*.....]
Gold:   407        SH:  0    Dex: 21    Spells: 10/15 levels left

rFire   . . .      SeeInvis .   j - +11 demon blade "Jiuruuc" {flame, rElec Int-4 Stlth+}
rCold   + . .      Faith    .   (no shield)
rNeg    . . .      Spirit   .   c - +2 robe {Archmagi}
rPois   .          Reflect  .   (no helmet)
rElec   +          Harm     .   (no cloak)
rCorr   .          Rampage  .   v - +0 pair of gloves
Will    .....      Archmagi +   r - +0 pair of boots
Stlth   ++++......              (no amulet)
HPRegen 0.18/turn               g - +6 ring of dexterity
MPRegen 0.14/turn               p - ring of protection from cold

@: lethally poisoned (-2 -> -3), about to teleport, very slightly contaminated
A: no striking features
a: Renounce Religion, Draw Escape, Draw Destruction, Draw Summoning


You were on level 5 of the Dungeon.
You worshipped Nemelex Xobeh.
Nemelex Xobeh was aware of your devotion.
You visited 1 branch of the dungeon, and saw 5 of its levels.
You also visited: Ossuary.

You collected 407 gold pieces.

Inventory:

Hand Weapons
 j - the +11 demon blade "Jiuruuc" (weapon) {flame, rElec Int-4 Stlth+}
   (You acquired it on level 5 of the Dungeon)

   It burns those it strikes, dealing additional fire damage.
   Big, fiery blades are also staple armaments of hydra-hunters.
   Int:       It affects your intelligence (-4).
   rElec:     It insulates you from electricity.
   Stlth:     It makes you more stealthy.
Missiles
 l - a throwing net
Armour
 c - a +2 robe of the Archmagi (worn)
 i - the +0 robe of Nico {rElec rPois}
   (You found it on level 2 of the Dungeon)

   rElec:     It insulates you from electricity.
   rPois:     It protects you from poison.
 r - a +0 pair of boots (worn)
 v - a +0 pair of gloves (worn)
Jewellery
 g - a +6 ring of dexterity (left hand)
 p - a ring of protection from cold (right hand)
Wands
 d - a wand of charming (14)
 e - a wand of iceblast (1)
Scrolls
 q - 2 scrolls of acquirement
Potions
 a - 2 potions of brilliance
 f - 8 potions of curing
 k - a potion of cancellation
 m - a potion of magic {unknown}
 n - a potion of attraction {unknown}
 s - 2 potions of flight {unknown}
 t - a potion of haste {unknown}
 u - a potion of resistance {unknown}


   Skills:
 - Level 2.0 Fighting
 - Level 1.0(2.5) Short Blades
 + Level 3.7(3.8) Long Blades
 - Level 2.0 Armour
 - Level 2.0 Dodging
 - Level 5.2 Stealth
 - Level 4.1 Spellcasting
 - Level 3.0 Summonings
 - Level 2.0 Ice Magic
 - Level 3.0 Evocations


You had 10 spell levels left.
You knew the following spells:

 Your Spells              Type           Power      Damage    Failure   Level
a - Freeze                Ice            28%        1d5       12%         1
b - Summon Small Mammal   Summ           36%        N/A       9%          1
c - Call Canine Familiar  Summ           9%         N/A       26%         3

Your spell library contained the following spells:

 Spells                   Type           Power      Damage    Failure   Level
 Summon Guardian Golem    Hex/Summ       6%         N/A       43%         3
 Summon Ice Beast         Ice/Summ       8%         N/A       69%         4
 Ice Form                 Ice/Tmut       4%         N/A       88%         4
 Flame Wave               Conj/Fire      2%         2d4       96%         4
 Freezing Cloud           Conj/Ice/Air   2%         6-21      99%         5


Dungeon Overview and Level Annotations

Branches:
Dungeon (5/15)            Ossuary (visited)
 Temple: D:4-7

Altars:
Dithmenos
Kikubaaqudgha
Nemelex Xobeh
Wu Jian

Shops:
D:3 (


Message History

The hornet stings you.
You are poisoned.
You feel yourself slow down.
The hornet stings you but does no damage.
The nameless horror completely misses you.
You hit the hornet. You burn the hornet.
The hornet is moderately wounded.
You feel yourself speed up.
You feel very sick.
The hornet stings you but does no damage.
The nameless horror barely misses you. The hornet stings you!
You feel yourself slow down.
You closely miss the hornet.
The hornet is moderately wounded.
Your surroundings suddenly seem different. 2 orcs and a gnoll come into view.
You feel sick.
The orc shouts!
You hear a shout!
The orc shouts!
An adder comes into view.
The gnoll hits you with a +1 vorpal flail!
The gnoll hits you with a +1 vorpal flail.
* * * LOW HITPOINT WARNING * * *
A jelly comes into view.
The orc shouts!
The orc priest shouts!
Unknown command.
The gnoll attacks as you move away!
The gnoll hits you with a +1 vorpal flail.
* * * LOW HITPOINT WARNING * * *
x2 You feel yourself speed up.
You feel sick.
The gnoll shouts!
You hear a shout!
A gnoll comes into view. It is wielding a +0 halberd.
You hear an angry hiss.
As you read the scroll of teleportation, it crumbles to dust.
You feel strangely unstable.
You feel sick. The gnoll completely misses you.
You barely miss the gnoll.
You feel sick.
The orc priest calls down the wrath of Beogh upon you.
Beogh smites you!
You die...
Your body glows slightly and disappears.

....##. .... ...........
≈......#.. J ≈..≈≈..#.
..o..≈≈...# ..........###
##########
#.._).......####.........
#S.o.h##..#o.....#####.##
..o...##@.##.##### ...#
♣♣..o.g###..# #^###
♣....o# ##.# #.##..
........#g# #.#####.....
#.....###g..#.......#
###### .#.#####.###
##...###.#######
#............
....###########


You could see an orc priest, 3 gnolls and an orc.

Vanquished Creatures
  Grinder (D:3)
  An ice beast (D:4)
  An ogre (D:5)
  2 phantoms
  Blork the orc (D:4)
  A hound (D:4)
  An orc priest (D:3)
  An iguana (D:4)
  An orc wizard (D:4)
  8 mummies (Ossuary)
  3 adders
  2 worms
  3 dart slugs
  5 orcs
  10 ball pythons
  4 bats
  4 endoplasms
  6 hobgoblins
  10 jackals
  3 kobolds
  5 quokkas
  5 frilled lizards
  5 goblins
  A hobgoblin zombie (Ossuary)
  3 kobold zombies (Ossuary)
  2 orc zombies (Ossuary)
  5 rats
  A bush (D:1)
95 creatures vanquished.

Vanquished Creatures (collateral kills)
  A necrophage (D:4)
  A scorpion (D:5)
  A jelly (D:4)
  An orc (D:4)
  A gnoll zombie (Ossuary)
  A kobold zombie (Ossuary)
6 creatures vanquished.

Grand Total: 101 creatures vanquished

Notes
Turn   | Place    | Note
-------+----------+-------------------------------------------
     0 | D:1      | HOAXBANE2 the Human Artificer began the quest for the Orb.
     0 | D:1      | Reached XP level 1. HP: 15/15 MP: 1/1
    81 | D:1      | Got the Incunable of Terror
   283 | D:1      | Reached XP level 2. HP: 15/22 MP: 2/2
   799 | D:1      | Found a faded altar of an unknown god.
  1439 | D:1      | Reached XP level 3. HP: 22/27 MP: 3/3
  1505 | D:1      | Reached skill level 2 in Stealth
  2215 | D:2      | Identified the +0 robe of Nico {rElec rPois}
  2406 | D:2      | Reached skill level 1 in Short Blades
  3426 | D:2      | Reached skill level 1 in Spellcasting
  3428 | D:2      | Learned a level 1 spell: Freeze
  3478 | D:2      | Found an ancient bone altar of Kikubaaqudgha.
  3782 | D:3      | Found Entak's Weapon Shop.
  3786 | D:3      | Reached XP level 4. HP: 33/33 MP: 5/5
  4496 | D:2      | Reached skill level 1 in Ice Magic
  4671 | D:3      | Noticed Grinder
  4680 | D:3      | Paralysed by Grinder for 2 turns
  4684 | D:3      | HP: 1/33 [Grinder (3)]
  4685 | D:3      | Killed Grinder
  4686 | D:3      | Reached skill level 5 in Stealth
  4686 | D:3      | Reached XP level 5. HP: 2/38 MP: 4/6
  4686 | D:3      | Reached XP level 6. HP: 2/44 MP: 4/7
  5515 | D:3      | Found a shadowy altar of Dithmenos.
  5515 | D:3      | Found a sparkling altar of Nemelex Xobeh.
  5524 | D:3      | Became a worshipper of Nemelex Xobeh the Trickster
  6157 | D:4      | Learned a level 1 spell: Summon Small Mammal
  6305 | D:4      | Reached skill level 1 in Summonings
  6305 | D:4      | Reached XP level 7. HP: 14/50 MP: 7/10
  6542 | D:4      | Learned a level 3 spell: Call Canine Familiar
  6849 | D:4      | Reached * piety under Nemelex Xobeh
  6883 | D:4      | Noticed Blork the orc
  7177 | D:4      | Killed Blork the orc
  7178 | D:4      | Reached XP level 8. HP: 38/56 MP: 3/13
  7463 | D:4      | You fall into a shaft and drop 1 floor!
  7463 | D:5      | Entered Level 5 of the Dungeon
  7467 | D:5      | Noticed a hornet
  7717 | D:5      | Identified a scroll of acquirement
  7717 | D:5      | Acquired the +11 demon blade "Jiuruuc" {flame, rElec Int-4
                  | Stlth+}
  7863 | D:5      | Found an ornate altar of the Wu Jian Council.
  7896 | D:5      | Found a sand-covered staircase.
  7905 | Ossuary  | Entered an ossuary
  8171 | Ossuary  | Received a gift from Nemelex Xobeh
  8342 | D:5      | Killed from afar by an orc priest

Illustrated notes

Levels and vault maps discovered:
D:1:      lemuel_arrival_river_bridge, layout_loops_ring,
          chequers_ecumenical_altar_island, serial_forest,
          infiniplex_forest_clump_tiny, infiniplex_forest_join,
          infiniplex_forest_side_room, infiniplex_forest_lined_2,
          infiniplex_forest_lined_ring, infiniplex_forest_straight_4,
          nicolae_concentric_dashed_squares_wild
D:2:      layout_basic, basic_altar
D:3:      layout_loops_corners, gammafunk_temple_overflow_statue, serial_shops,
          nicolae_shop_waterfront, minmay_liquid_box, nrook_mini_vaults,
          st_stairs_3, hangedman_decor_push, chequers_avenue,
          nicolae_kite_square_tiling_tiny, uniq_grinder
D:4:      layout_gridville, uniq_blork_the_orc
D:5:      layout_rooms, nicolae_wu_jian_wuxing_cycle,
          lightli_ossuary_entry_decrepit_ruins

Skill      XL: |  1  2  3  4  5  6  7  8 |
---------------+-------------------------+-----
Fighting       | 2 |  2.0
Stealth        | 2 5 |  5.2
Short Blades   | 1 |  1.0
Spellcasting   | 1 2 3 4 |  4.1
Ice Magic      | 2 |  2.0
Dodging        | 2 |  2.0
Summonings     | 1 3 |  3.0
Long Blades    | 3 |  3.7
Armour         | |  2.0
Evocations     | |  3.0

Action                   |  1- 3 |  4- 6 |  7- 9 || total
-------------------------+-------+-------+-------++-------
Melee: Club              |    66 |       |       ||    66
       Dagger            |   398 |    51 |     2 ||   451
       Punch             |    10 |       |       ||    10
       Demon blade       |       |       |    40 ||    40
 Fire: Sling             |       |    41 |    36 ||    77
 Cast: Freeze            |       |    33 |    11 ||    44
       Summon Small Mamm |       |     4 |    10 ||    14
       Call Canine Famil |       |       |    15 ||    15
Evoke: Wand              |     2 |    15 |     3 ||    20
  Use: Scroll            |     2 |     1 |    11 ||    14
       Potion            |       |       |     1 ||     1
 Stab: Sleeping          |     1 |     1 |     1 ||     3
       Distracted        |       |       |     1 ||     1
Armor: Ring mail         |    51 |       |       ||    51
       Robe              |    14 |    25 |    21 ||    60
       Leather armour    |     3 |       |       ||     3
Dodge: Dodged            |   133 |    89 |    45 ||   267
